 Dungeon Crawl Stone Soup version 0.22-b1-21-g5cfc168 (webtiles) character file.

37 tyranidshit the Skirmisher (level 3, 0/31 HPs)
             Began as a Demonspawn Abyssal Knight on Aug 4, 2018.
             Was a Follower of Lugonu.
             Slain by Robin
             ... wielding a +1 short sword of freezing
              (1 damage)
             ... on level 2 of the Dungeon.
             The game lasted 00:01:54 (1164 turns).

tyranidshit the Skirmisher (DsAK)                   Turns: 1164, Time: 00:01:55

Health: 0/31       AC:  3    Str: 13    XL:     3   Next: 23%
Magic:  0/4        EV: 11    Int: 13    God:    Lugonu [*.....]
Gold:   86         SH:  3    Dex: 12    Spells: 2/2 levels left

rFire    . . .     SeeInvis .   a - +1 hand axe
rCold    . . .     Gourm    .   (no shield)
rNeg     . . .     Faith    .   b - +0 leather armour
rPois    .         Spirit   +   (no helmet)
rElec    .         Reflect  +   (no cloak)
rCorr    .         Harm     .   (no gloves)
MR       .....                  (no boots)
Stlth    ++........             g - +3 amulet of reflection
HPRegen  0.10/turn              (no ring)
MPRegen  0.09/turn              (no ring)

@: hasted, very quick
A: nightstalker 1, magic shield
a: Depart the Abyss, Renounce Religion


You were on level 2 of the Dungeon.
You worshipped Lugonu.
Lugonu was aware of your devotion.
You were not hungry.

You visited 1 branch of the dungeon, and saw 2 of its levels.
You visited the Abyss 1 time.

You collected 86 gold pieces.

Inventory:

Hand Weapons
 a - a +1 hand axe (weapon)
Armour
 b - a +0 leather armour (worn)
Jewellery
 g - a +3 amulet of reflection (around neck)
Scrolls
 d - 3 scrolls of teleportation
 e - a scroll of identify
 f - a scroll of noise {unknown}
Potions
 h - a potion of haste
Comestibles
 c - 2 rations


   Skills:
 + Level 4.4 Fighting
 - Level 1.7 Axes
 - Level 1.7 Armour
 - Level 0.8 Dodging
 - Level 2.4 Invocations


You had 2 spell levels left.
You didn't know any spells.
Your spell library was empty.

Dungeon Overview and Level Annotations

Branches:
Dungeon (2/15)

Altars:
Fedhas
Gozag

Annotations:
D:2 Robin


Innate Abilities, Weirdness & Mutations

You are slightly more attuned to the shadows.
When hurt, damage is shared between your health and your magic reserves.


Message History

The goblin hits you with an uncursed club.
* * * LOW HITPOINT WARNING * * *
The goblin hits you but does no damage. The goblin hits you but does no damage.
The hobgoblin closely misses you. The goblin hits you with a dagger.
* * * LOW HITPOINT WARNING * * *
The goblin barely misses you.
You see here a goblin corpse.
Unknown command.
You hit the hobgoblin.
The hobgoblin is moderately wounded.
You closely miss the goblin. You hit the goblin. You barely miss the goblin.
You closely miss the goblin. You hit the goblin.
You kill the goblin!
Lugonu accepts your kill.
You completely miss the goblin. You hit Robin. You block the goblin's attack.
Robin hits you with a short sword of freezing.
* * * LOW HITPOINT WARNING * * *
Robin freezes you.
You die...

#†#..# .....# ....#
##.#.### #....#
#.#...# #....#
#.(.#.### #....#
###†.#...# #....#
#..(.....####...l####
#......)....(..)gg..#
#..)....###...(g@g..#
........# #....gggg.#
#.......# #.....g...#
#.......# #.........#
#.......# #.........#
######### #.........#
###########


You could see Robin, a hobgoblin, 7 goblins and a frilled lizard.

Vanquished Creatures
  2 dart slugs (D:1)
  5 bats
  6 goblins
  5 hobgoblins
  7 kobolds
  3 frilled lizards (D:1)
  2 rats (D:1)
30 creatures vanquished.

Notes
Turn   | Place    | Note
-------+----------+-------------------------------------------
     0 | Abyss:1  | tyranidshit the Demonspawn Abyssal Knight began the quest for the Orb.
     0 | Abyss:1  | Reached XP level 1. HP: 18/18 MP: 2/2
    54 | Abyss:1  | Noticed a small abomination
    57 | Abyss:1  | Noticed a starcursed mass
    59 | D:1      | Escaped the Abyss
    75 | D:1      | Reached * piety under Lugonu
   223 | D:1      | Gained mutation: When hurt, damage is shared between your health and your magic reserves. [demonic ancestry]
   223 | D:1      | Reached XP level 2. HP: 15/24 MP: 3/3
   884 | D:1      | Reached skill level 4 in Fighting
  1047 | D:2      | Gained mutation: You are slightly more attuned to the shadows. [demonic ancestry]
  1047 | D:2      | Reached XP level 3. HP: 26/30 MP: 4/4
  1092 | D:2      | Found an opulent altar of Gozag.
  1140 | D:2      | Found a blossoming altar of Fedhas.
  1159 | D:2      | Noticed Robin
  1164 | D:2      | HP: 1/31 [Robin/short sword of freezing (4)]
  1164 | D:2      | Slain by Robin

Skill      XL: |  1  2 |
---------------+-------+-----
Fighting       | 4 |  4.4
Axes           | |  1.7
Armour         | |  1.7
Dodging        | |  0.8
Invocations    | |  2.4

Action                   || total
-------------------------++-------
Melee: Hand axe          ||    73
Invok: Depart the Abyss  ||     1
  Use: Scroll            ||     2
       Potion            ||     2
  Eat: Ration            ||     1
Armor: Leather armour    ||    22
Dodge: Dodged            ||    56
Block: Other             ||     5
       Reflection        ||     1
